 Dungeon Crawl Stone Soup version 0.26.1-11-gd32895ea62 (webtiles) character file.

Game seed: 1287162833195749139

24 mankey1987 the Skirmisher (level 3, -4/39 HPs)
             Began as an Ogre Berserker on May 29, 2021.
             Was a Follower of Trog.
             Slain by a gnoll (6 damage)
             ... on level 1 of the Dungeon.
             The game lasted 00:01:07 (1380 turns).

mankey1987 the Skirmisher (Ogre Berserker)          Turns: 1380, Time: 00:01:07

Health: -4/39      AC:  3    Str: 21    XL:     3   Next: 2%
Magic:  3/3        EV: 11    Int:  8    God:    Trog [*.....]
Gold:   26         SH:  0    Dex:  9    Spells: 2/2 levels left

rFire    . . .     SeeInvis .   a - +0 mace
rCold    . . .     Faith    .   (no shield)
rNeg     . . .     Spirit   .   b - +0 animal skin
rPois    .         Reflect  .   (helmet restricted)
rElec    .         Harm     .   (no cloak)
rCorr    .         Rampage  .   (gloves unavailable)
Will     .....                  (boots unavailable)
Stlth    +.........             (no amulet)
HPRegen  0.13/turn              (no ring)
MPRegen  0.08/turn              (no ring)

@: no status effects
A: large, unfitting armour, tough skin 1
a: Renounce Religion, Berserk


You were on level 1 of the Dungeon.
You worshipped Trog.
Trog was aware of your devotion.
You visited 1 branch of the dungeon, and saw 2 of its levels.

You collected 26 gold pieces.

Inventory:

Hand Weapons
 a - a +0 mace (weapon)
Armour
 b - a +0 animal skin (worn)
Jewellery
 e - a +6 ring of strength {unknown}
Scrolls
 c - a scroll of remove curse {unknown}
 d - a scroll of immolation {unknown}
 h - a scroll of identify {unknown}
Potions
 f - a potion of flight {unknown}
 g - 2 potions of curing {unknown}
 i - a potion of cancellation {unknown}


   Skills:
 - Level 4.0 Fighting
 - Level 2.7 Maces & Flails
 * Level 3.7 Dodging


You had 2 spell levels left.
You didn't know any spells.
Your spell library was empty.

Dungeon Overview and Level Annotations

Branches:
Dungeon (2/15)

Altars:
Dithmenos


Innate Abilities, Weirdness & Mutations

You are too large for most types of armour.
You have tough skin. (AC +1)


Message History

The gnoll hits you.
You barely miss the gnoll. The gnoll closely misses you.
You barely miss the gnoll. The gnoll hits you.
You hit the gnoll.
The gnoll is lightly wounded.
The gnoll hits you! The gnoll hits you.
* * * LOW HITPOINT WARNING * * *
You barely miss the gnoll.
The gnoll is lightly wounded.
The gnoll barely misses you.
You hit the gnoll.
The gnoll is heavily wounded.
The gnoll hits you.
* * * LOW HITPOINT WARNING * * *
You closely miss the gnoll.
The gnoll is heavily wounded.
The gnoll hits you.
* * * LOW HITPOINT WARNING * * *
The gnoll hits you.
You die...

#####.................#.#######.#
#............#.##.#.#.......#
##.####.##..()(##.#.#.......#
#..####.###.##).#.#.#.#######
#.#..........#..#.#.### #
#.#..........#..#.#.#.### #
#.#...............#)#...## #
##.#.........>.....#.###..####
#..######....@g.###...###...(.
#.## #...###.###...#.......
########## ##..# #...##.....#.#.#
.........# ##..#####..#..........
########.###....#####.##...#....#
.......#.##..##.....#...........(
.......#.##.####.#.....#.#(..#...
.......#.#######.#...............
.......#...............#.#.##....


You could see a gnoll.

Vanquished Creatures
  A dart slug (D:1)
  2 leopard geckos (D:1)
  A giant cockroach (D:1)
  A goblin (D:1)
  5 hobgoblins (D:1)
  2 bats (D:1)
  3 kobolds
  5 rats (D:1)
20 creatures vanquished.

Notes
Turn   | Place    | Note
-------+----------+-------------------------------------------
     0 | D:1      | mankey1987 the Ogre Berserker began the quest for the Orb.
     0 | D:1      | Reached XP level 1. HP: 24/24 MP: 1/1
   260 | D:1      | Reached XP level 2. HP: 24/32 MP: 2/2
  1301 | D:2      | Found a shadowy altar of Dithmenos.
  1362 | D:2      | Reached XP level 3. HP: 38/39 MP: 3/3
  1380 | D:1      | Slain by a gnoll

Illustrated notes

Levels and vault maps discovered:
D:1:      amcnicky_arrival_blooded_trapdoor, layout_rooms,
          serial_co_window_serial, co_window_corner_a,
          co_window_of_opportunity_a, co_window_cross_1, co_window_paths_a,
          co_window_paths_b, co_window_corner_b, co_window_corner_b,
          co_window_unsneaky_path_d, glass_columns_a, glass_columns_b,
          glass_columns_a, glass_columns_a
D:2:      layout_loops_ring, grunt_dithmenos_smoke, kennysheep_okawaru_gauntlet

Skill      XL: |  1 |
---------------+----+-----
Dodging        | 3 |  3.7
Fighting       | |  4.0
Maces & Flails | |  2.7

Action                   || total
-------------------------++-------
Melee: Mace              ||    69
Invok: Berserk           ||     1
Armor: Animal skin       ||    28
Dodge: Dodged            ||    56
